 Dungeon Crawl Stone Soup version 0.29-a0-1027-gcd8c55af63 (webtiles) character file.

Game seed: 12788954860029251700

1696 27heaven the Carver (level 8, -8/63 HPs)
             Began as a Pale Draconian Fighter on Aug 13, 2022.
             Was a Priest of Makhleb.
             Mangled by an orange demon (12 damage)
             ... summoned by the player character
             ... on level 5 of the Dungeon.
             The game lasted 00:13:22 (3720 turns).

27heaven the Carver (Pale Draconian Fighter)        Turns: 3720, Time: 00:13:22

Health: -8/63      AC:  8    Str: 18    XL:     8   Next: 72%
Magic:  8/8        EV: 12    Int:  9    God:    Makhleb [***...]
Gold:   663        SH:  4    Dex: 13    Spells: 7/7 levels left

rFire   . . .      SeeInvis .   a - +0 long sword
rCold   . . .      Faith    .   b - +0 buckler
rNeg    . . .      Spirit   .   (body armour unavailable)
rPois   .          Reflect  .   (helmet restricted)
rElec   .          Harm     .   f - +1 cloak
rCorr   .          Rampage  .   (no gloves)
Will    .....                   (no boots)
Stlth   +.........              (no amulet)
HPRegen 0.20/turn               (no ring)
MPRegen 0.11/turn               (no ring)

@: no status effects
A: breathe steam, AC +6, unfitting armour, cold-blooded, steam resistance,
deterioration 1
a: Breathe Steam, Renounce Religion, Minor Destruction, Lesser Servant of
Makhleb


You were on level 5 of the Dungeon.
You worshipped Makhleb.
Makhleb was most pleased with you.
You visited 1 branch of the dungeon, and saw 6 of its levels.

You collected 663 gold pieces.

Inventory:

Hand Weapons
 a - a +0 long sword (weapon)
 p - a +0 great sword
Armour
 b - a +0 buckler (worn)
 f - a +1 cloak (worn)
Wands
 o - a wand of iceblast (12)
Scrolls
 d - 2 scrolls of brand weapon {unknown}
 e - 5 scrolls of teleportation {unknown}
 g - a scroll of blinking {unknown}
 h - a scroll of enchant weapon {unknown}
 i - 2 scrolls of poison {unknown}
 j - a scroll of fog {unknown}
 l - 4 scrolls of identify {unknown}
 m - 3 scrolls of amnesia {unknown}
 n - a scroll of noise {unknown}
 q - a scroll of fear {unknown}
 t - a scroll of vulnerability {unknown}
 u - a scroll of magic mapping {unknown}
Potions
 c - a potion of attraction {unknown}
 k - a potion of mutation
 r - a potion of invisibility {unknown}
 s - 3 potions of haste {unknown}


   Skills:
 - Level 3.2 Fighting
 + Level 11.3 Long Blades
 - Level 2.6 Dodging
 - Level 3.0 Shields


You had 7 spell levels left.
You didn't know any spells.
Your spell library contained the following spells:

 Spells                   Type           Power      Damage    Failure   Level
 Ensorcelled Hibernation  Hex/Ice        0%         N/A       63%         2
 Static Discharge         Conj/Air       0%         3-3/arc   63%         2
 Gell's Gravitas          Tloc           0%         N/A       85%         3
 Portal Projectile        Hex/Tloc       0%         N/A       85%         3
 Spider Form              Tmut/Pois      0%         N/A       85%         3
 Teleport Other           Tloc           0%         N/A       85%         3
 Anguish                  Hex/Necr       0%         N/A       99%         4
 Dispel Undead            Necr           0%         3d6       99%         4
 Sticky Flame             Conj/Fire      0%         2d3       99%         4
 Dispersal                Tloc           0%         N/A       100%        6
 Infestation              Necr           0%         N/A       100%        8


Dungeon Overview and Level Annotations

Branches:
Dungeon (6/15)             Temple (0/1) D:5

Altars:
Makhleb
Wu Jian
Yredelemnul

Shops:
D:4 =:

Annotations:
D:5 Prince Ribbit


Innate Abilities, Weirdness & Mutations

You can breathe blasts of scalding, opaque steam.
Your pale cyan-grey scales are hard. (AC +6)
You cannot fit into any form of body armour.
You are cold-blooded and may be slowed by cold attacks.
You are immune to the effects of steam.
Your body sometimes deteriorates upon taking damage.


Message History

Prince Ribbit blinks!
Found 2 scrolls labelled IQUYSA MEDAFYR.
e - 5 scrolls labelled IQUYSA MEDAFYR (gained 1)
There are no items here.
You hit Prince Ribbit.
Prince Ribbit is severely wounded.
Prince Ribbit hits you.
* * * LOW HITPOINT WARNING * * *
You completely miss Prince Ribbit.
Prince Ribbit is severely wounded.
Prince Ribbit hits you.
* * * LOW HITPOINT WARNING * * *
You hit Prince Ribbit.
Prince Ribbit is severely wounded.
Prince Ribbit blinks!
Aiming: Minor Destruction (21% risk of failure)
Press: ? - help, Shift-Dir - straight line, f - Prince Ribbit
Aim: Prince Ribbit (severely wounded)
The glob of acid misses Prince Ribbit.
You block Prince Ribbit's attack.
Aiming: Minor Destruction (21% risk of failure)
Press: ? - help, Shift-Dir - straight line, f/p - Prince Ribbit
Aim: Prince Ribbit (severely wounded) Prince Ribbit resists with almost no effort.
Prince Ribbit misses you.
Unknown command.
Aiming: Minor Destruction (21% risk of failure)
Press: ? - help, Shift-Dir - straight line, f/p - Prince Ribbit
Aim: Prince Ribbit (severely wounded)
You fail to use your ability.
You block Prince Ribbit's attack. Prince Ribbit barely misses you.
Unknown command.
A demon appears!
It doesn't seem very happy.
Prince Ribbit hits you but does no damage.
You don't have enough health at the moment.
It was a potion of mutation.
You feel extremely strange.
You feel yourself wasting away. Prince Ribbit barely misses you.
Prince Ribbit closely misses you. The orange demon stings you from afar!
You die...

####### ####.#
#.....######.....
#................
#....... ......#.
#.F...# #.#...
#.....# #.....
###..#########....
#..........# #...<
#@#..#####.# #....
#F#..# #.# #....
..4...? #.# #####
$.....##.##.# ###
#.#.##.##.##.# #..
#.#.##.....#.# #.#
#.#.#.#####..#.#
#.# #.#.#.##
#..#.# #.# #.#
...# #..#.# #.#


You could see an orange demon (summoned) and Prince Ribbit.

Vanquished Creatures
  Sigmund (D:5)
  The ghost of Mandevil the Caller, an amateur FeSu (D:4)
  4 black bears
  An ogre (D:5)
  A centaur (D:5)
  2 phantoms
  A scorpion (D:5)
  2 necrophages (D:5)
  A howler monkey (D:4)
  A bullfrog zombie (D:4)
  5 hounds
  Jessica (D:3)
  4 iguanas
  An orc wizard (D:3)
  7 adders
  A shadow imp (D:5)
  A white imp (D:6)
  2 ufetubi (D:5)
  An adder zombie (D:4)
  2 worms
  4 dart slugs
  19 orcs
  9 ball pythons
  9 endoplasms
  3 giant cockroaches
  7 hobgoblins
  10 jackals
  7 kobolds
  6 quokkas
  5 bats
  9 goblins
  4 rats (D:1)
132 creatures vanquished.

Notes
Turn   | Place    | Note
-------+----------+-------------------------------------------
     0 | D:1      | 27heaven the Draconian Fighter began the quest for the Orb.
     0 | D:1      | Reached XP level 1. HP: 19/19 MP: 1/1
   168 | D:1      | Reached XP level 2. HP: 23/26 MP: 2/2
   194 | D:1      | Reached skill level 3 in Long Blades
   763 | D:1      | Reached XP level 3. HP: 30/31 MP: 3/3
  1013 | D:2      | Reached skill level 4 in Long Blades
  1187 | D:2      | Reached XP level 4. HP: 31/38 MP: 4/4
  1326 | D:2      | Found a faded altar of an unknown god.
  1333 | D:2      | Prayed at the altar of an unknown god.
  1333 | D:2      | Became a worshipper of Makhleb the Destroyer
  1333 | D:2      | Reached * piety under Makhleb
  1410 | D:3      | Noticed Jessica
  1426 | D:3      | Killed Jessica
  1435 | D:3      | Reached skill level 5 in Long Blades
  1560 | D:3      | You fall into a shaft and drop 3 floors!
  1573 | D:6      | Reached XP level 5. HP: 30/45 MP: 5/5
  1596 | D:5      | Entered Level 5 of the Dungeon
  1596 | D:5      | Noticed a black bear
  1596 | D:5      | Found a staircase to the Ecumenical Temple.
  1653 | D:5      | Noticed an ogre
  1660 | D:5      | Killed an ogre
  1661 | D:5      | Reached skill level 6 in Long Blades
  1701 | D:5      | Noticed a black bear
  1703 | D:5      | Noticed Sigmund
  1711 | D:5      | Reached XP level 6. HP: 16/51 MP: 6/6
  1723 | D:5      | Killed Sigmund
  1724 | D:5      | Reached skill level 7 in Long Blades
  1730 | D:5      | Your scales start taking on a pale cyan-grey colour.
  1730 | D:5      | Reached XP level 7. HP: 5/57 MP: 7/7
  1730 | D:5      | Gained mutation: You are immune to the effects of steam.
                  | [Pale Draconian growth]
  1731 | D:5      | Reached ** piety under Makhleb
  1732 | D:5      | Reached skill level 8 in Long Blades
  2127 | D:4      | Found an ornate altar of the Wu Jian Council.
  2171 | D:4      | Reached skill level 9 in Long Blades
  2583 | D:4      | Reached XP level 8. HP: 57/63 MP: 8/8
  2692 | D:4      | Found a runed translucent gate.
  2692 | D:4      | Found a runed translucent gate.
  2692 | D:4      | Found a runed translucent gate.
  2692 | D:4      | Noticed Mandevil's ghost (amateur FeSu)
  2695 | D:4      | Found a basalt altar of Yredelemnul.
  2718 | D:4      | Killed Mandevil's ghost
  2719 | D:4      | Reached skill level 10 in Long Blades
  2722 | D:4      | Got Sif Muna's Almanac of Superposition and Evil
  2881 | D:4      | Found Jewenu's Self-Improvement Boutique.
  2964 | D:4      | Reached *** piety under Makhleb
  3334 | D:4      | Found Hyxor's Jewellery Emporium.
  3622 | D:5      | Reached skill level 11 in Long Blades
  3693 | D:5      | Noticed Prince Ribbit
  3719 | D:5      | Noticed an orange demon
  3720 | D:5      | Gained mutation: Your body sometimes deteriorates upon
                  | taking damage. [potion of mutation]
  3720 | D:5      | Mangled by an orange demon

Illustrated notes

Levels and vault maps discovered:
D:1:      dpeg_arrival_arbitrary_b, layout_basic
D:2:      layout_rooms, shapermc_ecumenical_altar_mp_highgroup
D:3:      layout_rooms, uniq_jessica
D:4:      minmay_polygon_palace, layout_loops_ring,
          nicolae_yredelemnul_ghost_church, mainiacjoe_overflow_paths,
          serial_shops, shop, nicolae_shop_self_help
D:5:      layout_loops_ring, minmay_temple_entry_stoned_glass, uniq_sigmund,
          uniq_prince_ribbit1
D:6:      layout_basic, uniq_menkaure

Skill      XL: |  1  2  3  4  5  6  7  8 |
---------------+-------------------------+-----
Long Blades    | 3 4 5 6 7 9 11 | 11.3
Fighting       | |  3.2
Dodging        | |  2.6
Shields        | |  3.0

Action                   |  1- 3 |  4- 6 |  7- 9 || total
-------------------------+-------+-------+-------++-------
Melee: Long sword        |    98 |    79 |   280 ||   457
       Tailslap          |     9 |     6 |    44 ||    59
Invok: Minor Destruction |       |       |     2 ||     2
       Lesser Servant of |       |       |     1 ||     1
 Abil: Breathe Steam     |       |       |     1 ||     1
  Use: Potion            |       |     5 |     1 ||     6
 Stab: Sleeping          |     1 |       |       ||     1
Armor: Skin              |    34 |    35 |    92 ||   161
Dodge: Dodged            |    55 |    59 |   151 ||   265
Block: Buckler           |    16 |    18 |    37 ||    71

Table legend: (Time is in decaauts)
 A = Elapsed time spent in this place.
 B = Non-inter-level travel time spent in this place.
 C = Inter-level travel time spent in this place.
 D = Time resting spent in this place.
 E = Time spent auto-exploring this place.
 F = Levels seen in this place.
 G = Mean time per level.
                   A        B        C        D        E       F      G
               +--------+--------+--------+--------+--------+-----+--------+
         Total |   3754 |   3731 |     23 |    269 |   1411 |   6 |  625.7 |
       Dungeon |   3754 |   3731 |     23 |    269 |   1411 |   6 |  625.7 |
               +--------+--------+--------+--------+--------+-----+--------+

Top non-repeatable levels by time:
     D:4: 1187 daAuts
     D:1: 978 daAuts
     D:5: 714 daAuts
     D:2: 419 daAuts
     D:3: 377 daAuts
     D:6: 77 daAuts
